 Dungeon Crawl Stone Soup version 0.21-a0-404-g291f19a (webtiles) character file.

749 rjrrt the Conjurer (level 7, 0/36 HPs)
             Began as a Deep Elf Fire Elementalist on Oct 28, 2017.
             Slain by Edmund
             ... wielding a +7 flail of draining
              (4 damage)
             ... on level 3 of the Dungeon.
             The game lasted 00:09:01 (3612 turns).

rjrrt the Conjurer (Deep Elf Fire Elementalist)     Turns: 3612, Time: 00:09:01

Health: 0/36       AC:  4    Str:  5    XL:     7   Next: 48%
Magic:  3/18       EV: 12    Int: 22    God:
Gold:   90         SH:  0    Dex: 15    Spells: 5/18 levels left

rFire    . . .     SeeInvis .   a - +8 club
rCold    . . .     Gourm    .   (no shield)
rNeg     + . .     Faith    .   m - +1 robe
rPois    .         Spirit   .   f - +0 helmet
rElec    .         Reflect  .   (no cloak)
rCorr    .         Harm     .   (no gloves)
MR       .....                  (no boots)
Stlth    ++........             d - amulet of inaccuracy (curse)
HPRegen  0.12/turn              n - ring of positive energy
MPRegen  0.16/turn              (no ring)

@: drained
A: no striking features
a: no special abilities


You were on level 3 of the Dungeon.
You were very hungry.

You visited 2 branches of the dungeon, and saw 5 of its levels.

You collected 90 gold pieces.

Inventory:

Hand Weapons
 a - a +8 club (weapon)
 o - a +2 trident of venom
Armour
 f - a +0 helmet (worn)
 m - a +1 robe (worn)
 p - a +2 robe of magic resistance
Jewellery
 d - a cursed amulet of inaccuracy (around neck)
 g - an uncursed amulet of regeneration {unknown}
 n - a ring of positive energy (left hand)
Wands
 k - a wand of flame (34/48)
Potions
 e - 2 potions of curing {unknown}
 h - a potion of might
 j - 2 potions of agility {unknown}
 l - a potion of ambrosia {unknown}
Books
 b - a book of Flames

   Spells                             Type                      Level
   a - Flame Tongue                   Conjuration/Fire             1
   b - Throw Flame                    Conjuration/Fire             2
   c - Conjure Flame                  Conjuration/Fire             3
   d - Inner Flame                    Hexes/Fire                   3
   e - Sticky Flame                   Conjuration/Fire             4
   f - Fireball                       Conjuration/Fire             5
Comestibles
 c - 3 bread rations
 i - 3 meat rations


   Skills:
 - Level 2.4(1.9) Dodging
 - Level 2.4(1.9) Stealth
 + Level 6.1(5.6) Spellcasting
 * Level 6.5(5.9) Conjurations
 + Level 5.5(5.0) Fire Magic


You had 5 spell levels left.
You knew the following spells:

 Your Spells              Type           Power        Failure   Level  Hunger
a - Flame Tongue          Conj/Fire      ####.        1%          1    None
b - Conjure Flame         Conj/Fire      ####....     3%          3    ##.....
c - Sticky Flame          Conj/Fire      ####....     10%         4    ####...
d - Fireball              Conj/Fire      ####......   26%         5    #####..


Dungeon Overview and Level Annotations

Branches:
Dungeon (4/15)             Temple (1/1) D:4

Altars:
Ashenzari
Dithmenos
Elyvilon
Fedhas
Gozag
Hepliaklqana
Makhleb
Nemelex Xobeh
Okawaru
Qazlal
Sif Muna
Trog
Uskayaw
Wu Jian
Yredelemnul
Zin
The Shining One

Annotations:
D:3 Edmund


Message History

Edmund closely misses you.
Edmund burns!
Edmund stops burning.
Edmund says, "People accused me of being a cutpurse!"
Okay, then.
Unknown command.
Edmund hits you with a flail of draining!
You partially resist.
You feel drained.
There is a stone staircase leading up, spattered with blood here.
Edmund misses you.
You climb upwards.
There is a stone staircase leading down here.
Unknown command.
Unknown command.
Edmund says, "People think my brother is the best.
I think he's crazy."
Edmund hits you with a flail of draining!
* * * LOW HITPOINT WARNING * * *
You partially resist.
You feel drained.
* * * LOW HITPOINT WARNING * * *
Edmund hits you with a flail of draining.
You die...

.##.##############.#.##........##
......).# #.#.##.######..#
###.###># #.#..#.# #.#. ###.# #.#
#.##.#.# #.#. ....# #.#
#.##.#.######... #######.#####
#.##.#.........# .........(..####
#.##.#.#####...#
######.#.##....###.##...#.....###
#.###.......@@>.......###...#
##.#.###............### ###.#
##.## ############.# #.. ###
#.########. #..........
###########


You could see Edmund.

Vanquished Creatures
  Pikel (D:4)
  A scorpion (D:4)
  A howler monkey (D:4)
  An orc priest (D:4)
  Ijyb (D:3)
  Robin (D:4)
  7 adders
  2 oozes
  An adder skeleton (D:4)
  3 worms (D:2)
  A dart slug (D:2)
  4 orcs (D:4)
  2 giant cockroaches
  11 goblins
  7 hobgoblins
  8 jackals
  6 kobolds
  3 quokkas
  A ball python (D:3)
  2 bats
  2 frilled lizards
  5 rats
71 creatures vanquished.

Notes
Turn   | Place    | Note
-------+----------+-------------------------------------------
     0 | D:1      | rjrrt the Deep Elf Fire Elementalist began the quest for the Orb.
     0 | D:1      | Reached XP level 1. HP: 10/10 MP: 6/6
   614 | D:2      | Reached XP level 2. HP: 15/15 MP: 2/8
  1290 | D:2      | Reached XP level 3. HP: 16/19 MP: 7/10
  1549 | D:2      | Learned a level 3 spell: Conjure Flame
  1934 | D:2      | Reached XP level 4. HP: 20/24 MP: 1/11
  2027 | D:3      | Found a glowing silver altar of Zin.
  2049 | D:3      | Found a bloodstained altar of Trog.
  2157 | D:3      | Learned a level 4 spell: Sticky Flame
  2229 | D:3      | Found a blossoming altar of Fedhas.
  2459 | D:3      | Noticed Ijyb
  2463 | D:3      | Killed Ijyb
  2784 | D:4      | Reached XP level 5. HP: 18/28 MP: 3/13
  3075 | D:4      | Noticed Robin
  3082 | D:4      | Killed Robin
  3269 | D:4      | Noticed Edmund
  3372 | D:4      | Learned a level 5 spell: Fireball
  3385 | D:4      | Found a sparkling altar of Nemelex Xobeh.
  3414 | D:4      | Reached skill level 5 in Spellcasting
  3414 | D:4      | Reached XP level 6. HP: 32/32 MP: 10/15
  3465 | D:4      | Found a staircase to the Ecumenical Temple.
  3477 | Temple   | Entered the Ecumenical Temple
  3540 | D:4      | Noticed Pikel
  3550 | D:4      | Noticed a slave
  3560 | D:4      | Noticed a slave
  3561 | D:4      | Noticed a slave
  3562 | D:4      | Noticed a slave
  3564 | D:4      | Killed Pikel
  3564 | D:4      | Reached skill level 5 in Fire Magic
  3564 | D:4      | Reached XP level 7. HP: 36/36 MP: 2/18
  3612 | D:3      | Slain by Edmund

Vault maps used:
D:1:      co_arrival_square_in_a_square_in_a_square
D:2:      first_bread
D:3:      overflow_temple_1_default, bloody_trog, old_standard_altar, uniq_ijyb
D:4:      lemuel_doored_altar, minmay_temple_entry_statues_fountains,
          serial_shops, shop, uniq_robin, uniq_edmund, uniq_pikel
Temple:   cyrus_circular_temple

Skill      XL: |  1  2  3  4  5  6 |
---------------+-------------------+-----
Conjurations   | 2 3 4 6 |  6.5
Spellcasting   | 4 5 6 |  6.1
Fire Magic     | 4 5 |  5.5
Dodging        | |  2.4
Stealth        | |  2.4

Action                   |  1- 3 |  4- 6 |  7- 9 || total
-------------------------+-------+-------+-------++-------
Melee: Unarmed           |    21 |       |       ||    21
       Dagger            |     7 |       |       ||     7
       Club              |       |     9 |       ||     9
 Cast: Flame Tongue      |    96 |    90 |     1 ||   187
       Sticky Flame      |       |     1 |     1 ||     2
       Conjure Flame     |       |     1 |     1 ||     2
  Use: Scroll            |     4 |     1 |       ||     5
  Eat: Chunk             |     3 |     4 |       ||     7
Armor: Robe              |    23 |    11 |       ||    34
Dodge: Dodged            |    80 |    30 |     3 ||   113

Table legend:
 A = Spawn XP
 B = Non-spawn XP
 C = Spawn XP percentage of total XP
 D = Spawn monster count
 E = Non-spawn monster count
 F = Spawn count percentage of total count
 G = Total turns spent on level
                    A         B        C        D         E        F      G
               +---------+---------+-------+---------+---------+-------+---------
         Total |       0 |    1071 |   0.0 |       0 |      71 |   0.0 |  3612
               +---------+---------+-------+---------+---------+-------+---------
           D:1 |       0 |       8 |   0.0 |       0 |       6 |   0.0 |   643
           D:2 |       0 |      97 |   0.0 |       0 |      27 |   0.0 |  1363
           D:3 |       0 |      88 |   0.0 |       0 |      11 |   0.0 |  1065
           D:4 |       0 |     878 |   0.0 |       0 |      27 |   0.0 |   481
               +---------+---------+-------+---------+---------+-------+---------
